 Dungeon Sprint DCSS version 0.30-a0-310-g7d6cbdfea6 (webtiles) character file.

Game seed: 14661888721680593860

121 McGhostyFace the Poker (level 5, -1/46 HPs)
             Began as a Gnoll Reaver on Oct 25, 2022.
             Slain by a wyvern (12 damage)
             ... in the Dungeon (Sprint II: "The Violet Keep of Menkaure").
             The game lasted 00:00:49 (70 turns).

McGhostyFace the Poker (Gnoll Reaver)                 Turns: 70, Time: 00:00:50

Health: -1/46      AC:  3    Str: 11    XL:     5   Next: 5%
Magic:  5/13       EV: 13    Int: 14    God:
Gold:   0          SH:  0    Dex: 11    Spells: 10/16 levels left

rFire   . . .      SeeInvis .    a - +0 spear
rCold   . . .      Faith    .    (no shield)
rNeg    . . .      Spirit   .    b - +0 leather armour
rPois   .          Reflect  .    (no helmet)
rElec   .          Harm     .    (no cloak)
rCorr   .          Rampage  .    (no gloves)
Will    .....      NoTele   +    (no boots)
Stlth   ++........               (no amulet)
HPRegen 0.27/turn                (no ring)
MPRegen 0.13/turn                (no ring)

@: immotile
A: fangs 1, strong nose, distributed training, subdued magic 1
a: no special abilities


You were in the Dungeon.
You visited 1 branch

Inventory:

Hand Weapons
 a - a +0 spear (weapon)
Armour
 b - a +0 leather armour (worn)
Scrolls
 h - a scroll of blinking
Potions
 c - a potion of curing
 d - a potion of heal wounds
 e - a potion of haste
 f - 2 potions of magic


   Skills:
 + Level 5.7 Fighting
 + Level 3.2 Short Blades
 + Level 3.2 Long Blades
 + Level 3.2 Axes
 + Level 3.2 Maces & Flails
 + Level 7.4 Polearms
 + Level 3.2 Staves
 + Level 3.2 Ranged Weapons
 + Level 3.2 Throwing
 + Level 3.2 Armour
 + Level 5.7 Dodging
 + Level 3.2 Stealth
 + Level 3.2 Shields
 + Level 3.2 Unarmed Combat
 + Level 6.0 Spellcasting
 + Level 6.1 Conjurations
 + Level 2.6 Hexes
 + Level 2.6 Summonings
 + Level 2.6 Necromancy
 + Level 2.6 Translocations
 + Level 2.6 Transmutations
 + Level 2.6 Fire Magic
 + Level 2.6 Ice Magic
 + Level 2.6 Air Magic
 + Level 2.6 Earth Magic
 + Level 2.6 Poison Magic
 + Level 3.6 Invocations
 + Level 3.2 Evocations


You had 10 spell levels left.
You knew the following spells:

 Your Spells              Type           Power      Damage    Failure   Level
a - Kiss of Death         Conj/Necr      48%        2d9       2%          1
b - Momentum Strike       Conj/Tloc      24%        3d8       3%          2
c - Hailstorm             Conj/Ice       12%        3d5       8%          3

Your spell library contained the following spells:

 Spells                   Type           Power      Damage    Failure   Level


Dungeon Overview and Level Annotations

Branches:
Dungeon (1/1)

Altars:


Innate Abilities, Weirdness & Mutations

You have very sharp teeth.
Your uncanny sense of smell can sniff out nearby items.
Your experience applies equally to all skills.
Your spells are a little easier to cast, but a little less powerful.


Message History

You finish memorising.
Spell assigned to 'b'.
This spell is dangerous to cast!
Memorise Hailstorm, consuming 3 spell levels and leaving 10?
You start memorising the spell.
You continue memorising. x3
You finish memorising.
Spell assigned to 'c'.
There is a staircase leading out of the dungeon here.
You open the door. 2 wyverns come into view.
The wyvern hisses angrily.
The wyvern bites you! x2
There is an open door here.
Cast which spell? (? or * to list)
Aiming: Momentum Strike (safe; 3% risk of failure)
Press: ? - help, Dir - move target, f - wyvern
Aim: a wyvern (71% to hit)
The concentrated momentum hits the wyvern!
You are unable to move.
The wyvern bites you!
* * * LOW HITPOINT WARNING * * *
The wyvern misses you.
Casting: Momentum Strike (safe; 3% risk of failure)
Confirm with . or Enter, or press ? or * to list all spells.
Casting: Hailstorm (dangerous; 8% risk of failure)
Press: ? - help, Dir - look around, f - activate
Okay, then.
Casting: Hailstorm (dangerous; 8% risk of failure)
Confirm with . or Enter, or press ? or * to list all spells.
Casting: Hailstorm (dangerous; 8% risk of failure)
Press: ? - help, Dir - look around, f - activate A cannonade of hail descends around you!
The hail pelts the wyvern but does no damage.
The wyvern closely misses you.
Unknown command.
Unknown command.
Casting: Hailstorm (dangerous; 8% risk of failure)
Confirm with . or Enter, or press ? or * to list all spells.
Casting: Hailstorm (dangerous; 8% risk of failure)
Press: ? - help, Dir - look around, f - activate A cannonade of hail descends around you!
The hail misses the wyvern.
The wyvern bites you!
You die...

∆∆ ∆ ∆
## #.#
##.# ##
#+# #.#
##.##.#
∆+.<@l#
##.##l#∆
#+# #.#
∆ ## ∆


You could see 2 wyverns.

Vanquished Creatures
  A neqoxec (D)
1 creature vanquished.

Vanquished Creatures (others)
  A water moccasin (D)
1 creature vanquished.

Grand Total: 2 creatures vanquished

Notes
Turn   | Place    | Note
-------+----------+-------------------------------------------
     0 | D        | McGhostyFace the Gnoll Reaver began the quest for the Orb.
     0 | D        | Reached XP level 1. HP: 20/20 MP: 6/6
     1 | D        | Noticed a neqoxec
     4 | D        | Gained mutation: Your spells are a little easier to cast,
                  | but a little less powerful. [a neqoxec]
    13 | D        | Killed a neqoxec
    14 | D        | Reached skill level 5 in Fighting
    14 | D        | Reached skill level 7 in Polearms
    14 | D        | Reached skill level 5 in Dodging
    14 | D        | Reached XP level 2. HP: 28/28 MP: 7/9
    14 | D        | Reached XP level 3. HP: 34/34 MP: 7/10
    14 | D        | Reached XP level 4. HP: 40/40 MP: 8/12
    14 | D        | Reached XP level 5. HP: 46/46 MP: 8/13
    24 | D        | Killed a water moccasin
    50 | D        | Noticed a neqoxec
    59 | D        | Learned a level 2 spell: Momentum Strike
    63 | D        | Learned a level 3 spell: Hailstorm
    65 | D        | Noticed a wyvern
    65 | D        | Noticed a wyvern
    70 | D        | Slain by a wyvern

Illustrated notes

Levels and vault maps discovered:
D:        the_violet_keep_of_menkaure [sprint2_stairs_cluster_1,
          sprint2_shoproom, sprint2_temple, sprint2_basic_supplies,
          sprint2_obstacle_4, sprint2_obstacle_6, sprint2_obstacle_2,
          sprint2_obstacle_3, sprint2_obstacle_5, sprint2_timed_cluster_1,
          sprint2_smallroom_cluster_1, sprint2_smallroom_final_cluster_1,
          sprint2_transparent_cluster_1, sprint2_second_timed_cluster_1,
          sprint2_sniper_area_1, sprint2_heavy_combat_area_1,
          sprint2_mutation_trap_area_1, sprint2_forest_area_1,
          sprint2_light_combat_area_1, sprint2_behind_water_1,
          sprint2_near_end_vault_1]

Skill      XL: |  1 |
---------------+----+-----
Fighting       | 5 |  5.7
Short Blades   | 3 |  3.2
Long Blades    | 3 |  3.2
Axes           | 3 |  3.2
Maces & Flails | 3 |  3.2
Polearms       | 7 |  7.4
Staves         | 3 |  3.2
Ranged Weapons | 3 |  3.2
Throwing       | 3 |  3.2
Armour         | 3 |  3.2
Dodging        | 5 |  5.7
Stealth        | 3 |  3.2
Shields        | 3 |  3.2
Unarmed Combat | 3 |  3.2
Spellcasting   | 6 |  6.0
Conjurations   | 6 |  6.1
Hexes          | 2 |  2.6
Summonings     | 2 |  2.6
Necromancy     | 2 |  2.6
Translocations | 2 |  2.6
Transmutations | 2 |  2.6
Fire Magic     | 2 |  2.6
Ice Magic      | 2 |  2.6
Air Magic      | 2 |  2.6
Earth Magic    | 2 |  2.6
Poison Magic   | 2 |  2.6
Invocations    | 3 |  3.6
Evocations     | 3 |  3.2

Action                   |  1- 3 |  4- 6 || total
-------------------------+-------+-------++-------
Melee: Spear             |     9 |       ||     9
 Cast: Hailstorm         |       |     2 ||     2
       Momentum Strike   |       |     1 ||     1
  Use: Potion            |     1 |       ||     1
Dodge: Dodged            |     1 |     2 ||     3

Table legend: (Time is in decaauts)
 A = Elapsed time spent in this place.
 B = Non-inter-level travel time spent in this place.
 C = Inter-level travel time spent in this place.
 D = Time resting spent in this place.
 E = Time spent auto-exploring this place.
 F = Levels seen in this place.
 G = Mean time per level.
                   A        B        C        D        E       F      G
               +--------+--------+--------+--------+--------+-----+--------+
         Total |     77 |     77 |      0 |     45 |      0 |   1 |   77.0 |
       Dungeon |     77 |     77 |      0 |     45 |      0 |   1 |   77.0 |
               +--------+--------+--------+--------+--------+-----+--------+

Top non-repeatable levels by time:
       D: 77 daAuts
